 Dungeon Crawl Stone Soup version 0.21-a0-521-g1cd18d1 (webtiles) character file.

447 Gerstahl the Chopper (level 6, -5/56 HPs)
             Began as a Draconian Gladiator on Dec 5, 2017.
             Slain by a centaur (7 damage)
             ... on level 5 of the Dungeon.
             The game lasted 00:05:12 (3905 turns).

Gerstahl the Chopper (Draconian Gladiator)          Turns: 3905, Time: 00:05:13

Health: -5/56      AC:  7    Str: 18      XL:     6   Next: 73%
Magic:  7/7        EV: 13    Int:  7 (9)  God:
Gold:   149        SH:  0    Dex: 12      Spells: 5/5 levels left

rFire    . . .     SeeInvis .   a - +0 war axe
rCold    . . .     Gourm    .   (no shield)
rNeg     . . .     Faith    .   (armour unavailable)
rPois    .         Spirit   .   b - +0 hat
rElec    +         Reflect  .   (no cloak)
rCorr    .         Harm     .   (no gloves)
MR       .....                  u - +0 pair of boots
Stlth    +.........             (no amulet)
HPRegen  0.18/turn              (no ring)
MPRegen  0.10/turn              (no ring)

@: no status effects
A: unfitting armour, deterioration 1, electricity resistance, cold-blooded, AC
+6
a: no special abilities


You were on level 5 of the Dungeon.
You were hungry.

You visited 1 branch of the dungeon, and saw 5 of its levels.

You collected 149 gold pieces.

Inventory:

Hand Weapons
 a - a +0 war axe (weapon)
Missiles
 c - 3 throwing nets (quivered)
Armour
 b - a +0 hat (worn)
 u - a +0 pair of boots (worn)
Jewellery
 h - a cursed ring of teleportation {unknown}
 n - an uncursed amulet of guardian spirit {unknown}
Wands
 m - a wand of random effects (27)
 y - a wand of enslavement (12)
Scrolls
 e - 2 scrolls of amnesia {unknown}
 g - 5 scrolls of remove curse {unknown}
 i - a scroll of magic mapping {unknown}
 j - a scroll of noise {unknown}
 k - 2 scrolls of identify {unknown}
 q - 2 scrolls of enchant armour {unknown}
 w - 2 scrolls of fog {unknown}
 z - a scroll of teleportation {unknown}
Potions
 o - a potion of degeneration {unknown}
 p - a potion of agility {unknown}
 r - a potion of resistance {unknown}
 t - a potion of curing {unknown}
 v - a potion of lignification {unknown}
 A - a potion of magic {unknown}
 B - a potion of brilliance {unknown}
 C - a potion of ambrosia {unknown}
Comestibles
 d - 5 bread rations
 f - 3 fruits
 l - 2 royal jellies
 s - a meat ration


   Skills:
 + Level 5.5 Fighting
 + Level 5.6 Axes
 - Level 1.7 Throwing
 - Level 2.6 Dodging
 + Level 1.8 Evocations


You had 5 spell levels left.
You didn't know any spells.

Dungeon Overview and Level Annotations

Branches:
Dungeon (5/15)
 Temple: D:4-7

Altars:
Elyvilon
Okawaru

Shops:
D:4 =

Annotations:
D:5 tof's ghost, novice OpAs


Innate Abilities, Weirdness & Mutations

Your plain brown scales are hard. (AC +6)
You cannot fit into any form of body armour.
You are cold-blooded and may be slowed by cold attacks.
Your body sometimes deteriorates upon taking damage.
You are resistant to electric shocks. (rElec)


Message History

The orc priest hits you from afar with a trident!
Your body deteriorates!
You feel dopey. The orc barely misses you. The orc hits you but does no damage.
The orc priest looks satisfied for a moment.
The orc barely misses you.
The orc priest mumbles some strange prayers to Beogh against you.
Beogh smites you!
The centaur shoots an arrow.
The arrow closely misses you.
The centaur unwields an uncursed shortbow.
The centaur hits you.
* * * LOW HITPOINT WARNING * * *
You barely miss the centaur. You tail-slap the centaur.
The centaur is lightly wounded.
You barely miss the orc. The centaur misses you.
The orc priest closely misses you.
The orc priest mumbles some strange prayers to Beogh against you.
Beogh smites you!
* * * LOW HITPOINT WARNING * * *
The orc closely misses you. The centaur hits you!
You die...

####### #.....#
#.....# #.....# ####
#.....# #.(# #.....#
#..## #.....# #@o.##+#
#...### ..###.co..(#
#...# ......o....#
#...#
#..###o######...#####
#_#....(..............
.#.$...†(.............
...........(..........
>.....................
[................####<


You could see a centaur, 2 orc priests and 2 orcs.

Vanquished Creatures
  An ogre (D:5)
  A scorpion (D:5)
  A howler monkey (D:2)
  An orc wizard (D:4)
  Ijyb (D:3)
  An iguana (D:4)
  A worker ant (D:4)
  Robin (D:3)
  2 adders
  2 shadow imps
  3 oozes
  2 adder skeletons (D:4)
  A dart slug (D:1)
  2 worms
  2 leopard geckos (D:4)
  7 orcs
  8 bats
  6 giant cockroaches
  10 hobgoblins
  6 jackals
  2 quokkas
  5 frilled lizards
  20 goblins
  11 kobolds
  12 rats
109 creatures vanquished.

Notes
Turn   | Place    | Note
-------+----------+-------------------------------------------
     0 | D:1      | Gerstahl the Draconian Gladiator began the quest for the Orb.
     0 | D:1      | Reached XP level 1. HP: 17/17 MP: 1/1
   383 | D:1      | Reached XP level 2. HP: 25/25 MP: 2/2
   588 | D:1      | Reached XP level 3. HP: 29/31 MP: 3/3
  1390 | D:2      | Reached XP level 4. HP: 37/40 MP: 4/4
  1884 | D:3      | Found a white marble altar of Elyvilon.
  1933 | D:3      | Noticed Ijyb
  1939 | D:3      | Gained mutation: Your body sometimes deteriorates upon taking damage. [potion of mutation]
  1939 | D:3      | Gained mutation: You are resistant to electric shocks. (rElec) [potion of mutation]
  1952 | D:3      | Killed Ijyb
  1999 | D:3      | Reached XP level 5. HP: 47/47 MP: 5/5
  2315 | D:3      | Noticed Robin
  2328 | D:3      | Killed Robin
  2532 | D:4      | Reached skill level 5 in Axes
  2890 | D:4      | Reached skill level 5 in Fighting
  3430 | D:4      | Found Remyn's Jewellery Shoppe.
  3450 | D:4      | Reached XP level 6. HP: 46/56 MP: 6/6
  3645 | D:5      | Entered Level 5 of the Dungeon
  3765 | D:5      | Noticed tof's ghost (novice OpAs)
  3888 | D:5      | Found an iron altar of Okawaru.
  3889 | D:5      | Reached skill level 1 in Evocations
  3905 | D:5      | HP: 2/56 [orc priest/divine providence (13)]
  3905 | D:5      | Slain by a centaur

Vault maps used:
D:1:      onia_arrival_mini_maze_b, minivault_27
D:3:      elyvilon_altar_5, first_bread, minmay_misc_feat_cross,
          minmay_goblin_outpost, uniq_robin, uniq_ijyb
D:4:      serial_shops, shop
D:5:      makhleb_grotto_becter, okawaru_metal_pillars_1_2, zin_academy,
          uniq_duvessa

Skill      XL: |  1  2  3  4  5  6 |
---------------+-------------------+-----
Fighting       | 3 4 5 |  5.5
Axes           | 4 5 |  5.6
Evocations     | 1 |  1.8
Throwing       | |  1.7
Dodging        | |  2.6

Action                   |  1- 3 |  4- 6 || total
-------------------------+-------+-------++-------
Melee: War axe           |    92 |   189 ||   281
       Tailslap          |    15 |    23 ||    38
  Use: Potion            |       |     5 ||     5
 Stab: Sleeping          |     4 |     1 ||     5
  Eat: Chunk             |     1 |     8 ||     9
Armor: Skin              |    25 |    55 ||    80
Dodge: Dodged            |    71 |   150 ||   221

Table legend:
 A = Spawn XP
 B = Non-spawn XP
 C = Spawn XP percentage of total XP
 D = Spawn monster count
 E = Non-spawn monster count
 F = Spawn count percentage of total count
 G = Total turns spent on level
                    A         B        C        D         E        F      G
               +---------+---------+-------+---------+---------+-------+---------
         Total |       0 |     639 |   0.0 |       0 |     109 |   0.0 |  3905
               +---------+---------+-------+---------+---------+-------+---------
           D:1 |       0 |      56 |   0.0 |       0 |      29 |   0.0 |  1086
           D:2 |       0 |      78 |   0.0 |       0 |      19 |   0.0 |   702
           D:3 |       0 |     117 |   0.0 |       0 |      34 |   0.0 |   614
           D:4 |       0 |     183 |   0.0 |       0 |      20 |   0.0 |  1303
           D:5 |       0 |     205 |   0.0 |       0 |       7 |   0.0 |   200
               +---------+---------+-------+---------+---------+-------+---------
